 Dungeon Crawl Stone Soup version 0.18.1-48-g4cf74bf (webtiles) character file.

3186 Gargoyl the Protected (level 9, -1/69 HPs)
             Began as a Demonspawn Abyssal Knight on Sept 1, 2016.
             Was a High Priest of Lugonu.
             Killed from afar by Maurice (17 damage)
             ... with a wand of lightning
             ... on level 8 of the Dungeon.
             The game lasted 00:16:37 (9770 turns).

Gargoyl the Protected (Demonspawn Abyssal Knight)   Turns: 9770, Time: 00:16:38

Health: -1/69      AC: 14    Str: 18    XL:     9   Next: 64%
Magic:  11/11      EV:  6    Int: 13    God:    Lugonu [*****.]
Gold:   310        SH: 13    Dex: 13    Spells: 0 memorised, 8 levels left

rFire  + + .     SeeInvis +     r - +2 war axe
rCold  + . .     Gourm    .     e - +0 chain mail
rNeg   . . .     Faith    .     x - +1 large shield
rPois  .         Spirit   .     (helmet restricted)
rElec  .         Dismiss  .     (no cloak)
rCorr  .         Reflect  .     s - +0 pair of gloves
SustAt .         Harm     .     t - +0 pair of boots
MR     .....                    (no amulet)
Stlth  ..........               a - ring of see invisible
                                d - ring of protection from fire

@: not resistant to hostile enchantments, extremely unstealthy
A: hooves 1, horns 1, repulsion field 1, cold resistance 1, fire resistance 1,
strong 1, freezing cloud immunity
a: Depart the Abyss, Bend Space, Banish, Corrupt, Enter the Abyss, Renounce
Religion


You were on level 8 of the Dungeon.
You worshipped Lugonu.
Lugonu was extremely pleased with you.
You were hungry.

You visited 1 branch of the dungeon, and saw 8 of its levels.
You visited the Abyss 1 time.

You collected 467 gold pieces.
You spent 157 gold pieces at shops.

Inventory:

Hand Weapons
 r - a +2 war axe (weapon)
Armour
 e - a +0 chain mail (worn)
 s - a +0 pair of gloves (worn)
 t - a +0 pair of boots (worn)
 x - a +1 large shield (worn)
Jewellery
 a - a ring of see invisible (right hand)
 d - a ring of protection from fire (left hand)
 o - an uncursed ring of flight
 y - a cursed ring of teleportation {unknown}
Wands
 k - a wand of disintegration (0/24)
 p - a wand of polymorph (13/24)
 q - a wand of paralysis (11/24)
Scrolls
 b - 4 scrolls of remove curse
 g - a scroll of identify
 h - 2 scrolls of teleportation
 v - 3 scrolls of enchant weapon
Potions
 m - 2 potions of flight
 u - a potion of brilliance {unknown}
Comestibles
 c - 4 bread rations
 f - 3 fruits
 i - a beef jerky
 j - a slice of pizza
 w - a meat ration


   Skills:
 + Level 6.1 Fighting
 + Level 5.9 Axes
 * Level 9.2 Armour
 + Level 3.1 Dodging
 + Level 0.8 Stealth
 + Level 1.4 Shields
 + Level 3.1 Invocations
 + Level 0.2 Evocations


You had 8 spell levels left.
You didn't know any spells.

Dungeon Overview and Level Annotations

Branches:
Dungeon (8/15)             Temple (0/1) D:5
   Lair: D:8-11

Altars:
Cheibriados
Dithmenos
Fedhas
Kikubaaqudgha
Nemelex Xobeh
Okawaru
Ru
Zin

Shops:
D:7 [[

Annotations:
D:7 1 runed door
D:8 Maurice


Innate Abilities, Weirdness & Mutations

You have a pair of small horns on your head.
You are surrounded by a mild repulsion field (EV +2).
Your flesh is cold resistant.
You are immune to freezing clouds.
You have large cloven feet.
Your flesh is heat resistant.
Your muscles are strong. (Str +2)


Message History

Maurice hits you with a short sword.
* * * LOW HITPOINT WARNING * * *
Maurice steals your uncursed ring of resist corrosion!
Maurice puts on an uncursed ring of resist corrosion.
Zapping:
k - a wand of disintegration (3/24)
Press: ? - help, Shift-Dir - straight line, f - Maurice
Aim: Maurice, wielding a short sword, wearing a glowing cloak, wearing an uncursed ring of resist corrosion and carrying a wand of lightning {zapped: 3} (moderately wounded, slightly transparent, covering ground quickly, chance to defeat MR: 65%) Maurice is blasted.
This wand has 2 charges left.
Maurice barely misses you.
Zapping:
k - a wand of disintegration (2/24)
Press: ? - help, Shift-Dir - straight line, f/p - Maurice
Aim: Maurice, wielding a short sword, wearing a glowing cloak, wearing an uncursed ring of resist corrosion and carrying a wand of lightning {zapped: 3} (heavily wounded, slightly transparent, covering ground quickly, chance to defeat MR: 65%) Maurice is blasted.
This wand has 1 charge left.
Maurice casts a spell.
Maurice blinks!
Zapping:
k - a wand of disintegration (1/24)
Press: ? - help, Shift-Dir - straight line, f/p - Maurice
Aim: Maurice, wielding a short sword, wearing a glowing cloak, wearing an uncursed ring of resist corrosion and carrying a wand of lightning {zapped: 3} (severely wounded, slightly transparent, covering ground quickly, chance to defeat MR: 65%) Maurice is blasted.
This wand has 0 charges left.
Maurice zaps a wand.
The bolt of lightning hits you!
You die...

### .#..####..##+# ###
....P........####..####
.......................
?......................
#................#
...[...$).......###
......../.........##
......ยง@..<.....<>.#
......)............##
>(....#.............<#
.<....########....[#...#
..@%. #.....##### .....
#.....# .... #.....#
#### #$....# #.....#


You could see Maurice (invisible).

Vanquished Creatures
  Pikel (D:4)
  A soldier ant (D:7)
  The ghost of MaCx the Magician, an amateur GrWz of Vehumet (D:4)
  An orc warrior (D:5)
  An ice beast (D:7)
  4 ogres
  2 centaurs
  The ghost of Enwrom the Charmwright, an amateur HESk of the Shining One (D:3)
  2 giant frogs
  A gnoll sergeant (D:6)
  2 scorpions
  A killer bee (D:7)
  2 howler monkeys
  2 crimson imps
  A centaur skeleton (D:4)
  7 orc wizards
  5 orc priests
  6 hounds
  2 jellies (D:1)
  8 worker ants
  A hound zombie (D:7)
  3 hound skeletons
  A worker ant zombie (D:6)
  11 gnolls
  12 adders
  A shadow imp (D:8)
  7 oozes
  2 adder skeletons (D:4)
  An adder zombie (D:6)
  5 worms
  3 dart slugs (D:1)
  6 giant geckos
  19 orcs
  A ball python (D:4)
  15 giant cockroaches
  11 goblins
  5 hobgoblins
  17 jackals
  13 kobolds
  5 quokkas
  11 bats
  9 giant newts
  A jackal skeleton (D:6)
  A quokka skeleton (D:6)
  11 rats
223 creatures vanquished.

Vanquished Creatures (others)
  A crimson imp (D:5)
  A hound (D:4)
  A human zombie (D:4)
  2 orcs
5 creatures vanquished.

Grand Total: 228 creatures vanquished

Notes
Turn   | Place    | Note
--------------------------------------------------------------
     0 | Abyss:1  | Gargoyl the Demonspawn Abyssal Knight began the quest for the Orb.
     0 | Abyss:1  | Reached XP level 1. HP: 18/18 MP: 2/2
    86 | Abyss:1  | Noticed an ancient zyme
   102 | Abyss:1  | Noticed a large abomination
   109 | Abyss:1  | Noticed a starcursed mass
   138 | Abyss:2  | Noticed an ancient zyme
   193 | Abyss:3  | Noticed a tentacled starspawn
   193 | D:1      | Escaped the Abyss
   193 | D:1      | Noticed a jelly
   521 | D:1      | Found a runed door.
   521 | D:1      | Noticed a jelly
   538 | D:1      | Reached skill level 1 in Dodging
   659 | D:1      | Gained mutation: Your flesh is cold resistant. [demonic ancestry]
   659 | D:1      | Reached XP level 2. HP: 11/24 MP: 3/3
  1077 | D:1      | Reached * piety under Lugonu
  1205 | D:1      | Reached XP level 3. HP: 25/30 MP: 5/5
  1208 | D:1      | Reached skill level 2 in Armour
  1676 | D:1      | Gained mutation: You have a pair of small horns on your head. [demonic ancestry]
  1676 | D:1      | Reached XP level 4. HP: 19/37 MP: 6/6
  1959 | D:2      | Reached ** piety under Lugonu
  1988 | D:1      | Reached skill level 3 in Armour
  1988 | D:1      | Reached XP level 5. HP: 25/42 MP: 7/7
  2460 | D:2      | Found an ancient bone altar of Kikubaaqudgha.
  2716 | D:2      | Reached *** piety under Lugonu
  3049 | D:3      | Found a sparkling altar of Nemelex Xobeh.
  3476 | D:3      | Noticed Enwrom's ghost (amateur HESk)
  3488 | D:3      | Killed Enwrom's ghost
  3488 | D:3      | Reached skill level 4 in Armour
  3488 | D:3      | Gained mutation: You are immune to freezing clouds. [demonic ancestry]
  3488 | D:3      | Reached XP level 6. HP: 36/48 MP: 8/8
  3881 | D:4      | Reached **** piety under Lugonu
  3891 | D:4      | HP: 2/49 [centaur skeleton (6)]
  3959 | D:4      | Noticed MaCx's ghost (amateur GrWz)
  4192 | D:4      | Killed MaCx's ghost
  4192 | D:4      | Reached skill level 5 in Armour
  4192 | D:4      | Reached XP level 7. HP: 54/55 MP: 9/9
  4472 | D:4      | Found an iron altar of Okawaru.
  4497 | D:4      | Found a blossoming altar of Fedhas.
  4582 | D:4      | Noticed Pikel
  4620 | D:4      | Killed Pikel
  4620 | D:4      | Reached skill level 5 in Fighting
  4620 | D:4      | Reached skill level 6 in Armour
  4620 | D:4      | Gained mutation: You are surrounded by a mild repulsion field (EV +2). [demonic ancestry]
  4620 | D:4      | Reached XP level 8. HP: 38/62 MP: 10/10
  5130 | D:5      | Entered Level 5 of the Dungeon
  5422 | D:5      | Found a staircase to the Ecumenical Temple.
  5571 | D:5      | Reached skill level 7 in Armour
  5840 | D:5      | Found a sacrificial altar of Ru.
  5852 | D:5      | Found a snail-covered altar of Cheibriados.
  5853 | D:5      | Found a glowing silver altar of Zin.
  7073 | D:5      | Gained mutation: Your flesh is heat resistant. [potion of mutation]
  7073 | D:5      | Gained mutation: Your muscles are strong. (Str +2) [potion of mutation]
  7073 | D:5      | Gained mutation: You have large cloven feet. [potion of mutation]
  7081 | D:5      | HP: 1/94 [orc warrior/hand axe (9)]
  7086 | D:5      | Reached skill level 8 in Armour
  7738 | D:6      | Reached XP level 9. HP: 65/68 MP: 11/11
  7842 | D:6      | Reached skill level 5 in Axes
  8711 | D:7      | Found a shadowy altar of Dithmenos.
  8721 | D:7      | Found Regikhli's Armour Boutique.
  8729 | D:7      | Bought a +0 large shield for 72 gold pieces
  8853 | D:7      | Found Veyveunaa's Antique Armour Boutique.
  8861 | D:7      | Bought a pair of boots for 85 gold pieces
  9020 | D:7      | Found a runed door.
  9041 | D:7      | Found a runed door.
  9065 | D:7      | Reached skill level 9 in Armour
  9428 | D:7      | Reached ***** piety under Lugonu
  9445 | D:7      | Reached skill level 1 in Shields
  9752 | D:8      | Noticed Maurice
  9770 | D:8      | Killed from afar by Maurice

Skill      XL: |  1  2  3  4  5  6  7  8  9 |
---------------+----------------------------+-----
Dodging        | 1 2 3 |  3.1
Armour         | 2 3 4 5 6 8 9 |  9.2
Axes           | 2 3 4 5 |  5.9
Fighting       | 4 5 6 |  6.1
Invocations    | 3 |  3.1
Shields        | 1 |  1.4
Stealth        | |  0.8
Evocations     | |  0.2

Action                   |  1- 3 |  4- 6 |  7- 9 || total
-------------------------+-------+-------+-------++-------
Melee: Hand axe          |    85 |   182 |       ||   267
       Headbutt          |       |    42 |    64 ||   106
       War axe           |       |    59 |   404 ||   463
       Kick              |       |       |    32 ||    32
Invok: Depart the Abyss  |     1 |       |       ||     1
       Banish            |       |       |     1 ||     1
Evoke: Wand              |       |       |     7 ||     7
  Use: Potion            |       |     1 |     7 ||     8
       Scroll            |       |     7 |    10 ||    17
 Stab: Distracted        |       |       |     1 ||     1
  Eat: Chunk             |     2 |     5 |    14 ||    21
       Bread ration      |       |     1 |     1 ||     2
Armor: Leather armour    |     5 |       |       ||     5
       Chain mail        |    47 |   236 |   282 ||   565
       Skin              |       |       |     9 ||     9
Dodge: Dodged            |    41 |   138 |   239 ||   418
Block: Large shield      |       |       |    93 ||    93
